 Dungeon Crawl Stone Soup version 0.25-a0-1130-g3926558 (webtiles) character file.

Game seed: 9826921269698312889, levelgen mode: deterministic

42716 robertstho the Carver (level 13, 0/117 HPs)
             Began as a Minotaur Fighter on May 19, 2020.
             Was the Champion of Okawaru.
             Killed from afar by an ice dragon (56 damage)
             ... with a blast of cold
             ... on level 6 of the Lair of Beasts.
             The game lasted 00:27:50 (22017 turns).

robertstho the Carver (Minotaur Fighter)           Turns: 22017, Time: 00:27:50

Health: 0/117      AC: 24    Str: 25    XL:     13   Next: 86%
Magic:  15/17      EV: 13    Int:  6    God:    Okawaru [******]
Gold:   749        SH: 14    Dex: 10    Spells: 12/12 levels left

rFire    . . .     SeeInvis .   e - +3 scimitar (flame)
rCold    . . .     Gourm    .   c - +0 kite shield
rNeg     . . .     Faith    .   g - +2 plate armour {rPois}
rPois    +         Spirit   .   (helmet restricted)
rElec    .         Reflect  .   y - +0 cloak
rCorr    .         Harm     .   (no gloves)
MR       +....                  L - +0 pair of boots {run}
Stlth    ..........             (no amulet)
HPRegen  0.29/turn              j - ring of protection from magic
MPRegen  0.15/turn              I - ring of flight

@: heroism, quick
A: retaliatory headbutt, horns 2
a: Heroism, Finesse, Renounce Religion, Evoke Flight


You were on level 6 of the Lair of Beasts.
You worshipped Okawaru.
Okawaru was exalted by your worship.
You were not hungry.

You visited 3 branches of the dungeon, and saw 19 of its levels.
You also visited: Ossuary.

You collected 1013 gold pieces.
You spent 264 gold pieces at shops.

Inventory:

Hand Weapons
 e - a +3 scimitar of flaming (weapon)
 K - the +1 rapier of Might {protect, rC- Str+5}
   (You found it on level 10 of the Dungeon)

   It grants its wielder temporary protection when it strikes (+7 to AC).
   It affects your strength (+5).
   It makes you vulnerable to cold.
Missiles
 b - 36 poisoned darts
 k - 2 javelins (quivered)
Armour
 c - a +0 kite shield (worn)
 g - a +2 plate armour of poison resistance (worn)
 s - a +1 scale mail of cold resistance
 y - a +0 cloak (worn)
 L - a +0 pair of boots of running (worn)
Jewellery
 j - a ring of protection from magic (left hand)
 I - a ring of flight (right hand)
Wands
 F - a wand of digging (7)
 G - a wand of flame (15)
 H - a wand of iceblast (24)
 M - a wand of random effects (20)
 O - a wand of acid (4)
 P - a wand of clouds (5)
Scrolls
 d - 3 scrolls of noise {unknown}
 h - 7 scrolls of remove curse
 i - 7 scrolls of teleportation
 l - a scroll of amnesia {unknown}
 o - 2 scrolls of magic mapping {unknown}
 p - 5 scrolls of fog {unknown}
 q - 2 scrolls of fear {unknown}
 v - 6 scrolls of enchant weapon
 x - 6 scrolls of enchant armour
 z - 2 scrolls of summoning
 D - 5 scrolls of immolation
 E - 5 scrolls of identify
 J - a scroll of holy word {unknown}
Potions
 a - a potion of mutation
 m - a potion of resistance {unknown}
 n - 4 potions of heal wounds
 r - 2 potions of haste
 t - 2 potions of stabbing
 u - 2 potions of flight
 A - 3 potions of berserk rage
 B - 3 potions of cancellation
 C - 6 potions of curing
Miscellaneous
 w - a lightning rod (4/4)
Comestibles
 f - 23 rations
 N - 9 chunks of flesh


   Skills:
 * Level 11.9(16.9) Fighting
 + Level 3.7(14.9) Short Blades
 * Level 14.8(20.0) Long Blades
 * Level 13.9(18.9) Armour
 * Level 9.0(14.0) Dodging
 + Level 10.4(15.4) Shields
 * Level 7.8 Invocations
 + Level 0.1 Evocations


You had 12 spell levels left.
You didn't know any spells.
Your spell library contained the following spells:

 Spells                   Type           Power        Failure   Level  Hunger
 Animate Skeleton         Necr           N/A          95%         1    ##.....
 Corona                   Hex            #......      95%         1    ##.....
 Foxfire                  Conj/Fire      #...         95%         1    ##.....
 Magic Dart               Conj           #...         95%         1    ##.....
 Pain                     Necr           #...         95%         1    ##.....
 Sandblast                Erth           #.....       95%         1    ##.....
 Summon Small Mammal      Summ           #...         95%         1    ##.....
 Call Imp                 Summ           #.......     99%         2    ###....
 Ensorcelled Hibernation  Hex/Ice        #.....       99%         2    ###....
 Passwall                 Tmut/Erth      #.......     99%         2    ###....
 Searing Ray              Conj           #.....       99%         2    ###....
 Call Canine Familiar     Summ           #.......     100%        3    ####...
 Confusing Touch          Hex            #.......     100%        3    ####...
 Conjure Flame            Conj/Fire      #.......     100%        3    ####...
 Dazzling Flash           Conj/Hex       #.....       100%        3    ####...
 Inner Flame              Hex/Fire       #.......     100%        3    ####...
 Stone Arrow              Conj/Erth      #.....       100%        3    ####...
 Summon Guardian Golem    Hex/Summ       #.......     100%        3    ####...
 Tukima's Dance           Hex            #.......     100%        3    ####...
 Vampiric Draining        Necr           #.........   100%        3    ####...
 Animate Dead             Necr           N/A          100%        4    #####..
 Fulminant Prism          Conj/Hex       #.........   100%        4    #####..
 Iskenderun's Mystic Bla  Conj/Tloc      #.......     100%        4    #####..
 Petrify                  Tmut/Erth      #.......     100%        4    #####..
 Sticky Flame             Conj/Fire      #.......     100%        4    #####..
 Summon Ice Beast         Ice/Summ       #.......     100%        4    #####..
 Summon Lightning Spire   Summ/Air       #.......     100%        4    #####..
 Agony                    Necr           #.......     100%        5    ######.
 Fireball                 Conj/Fire      #.........   100%        5    ######.
 Irradiate                Conj/Tmut      #.........   100%        5    ######.
 Lee's Rapid Deconstruct  Erth           #.........   100%        5    ######.
 Hydra Form               Tmut           #.........   100%        6    #######
 Statue Form              Tmut/Erth      #........    100%        6    #######
 Dragon Form              Tmut           #.........   100%        7    #######


Dungeon Overview and Level Annotations

Branches:
Dungeon (12/15)            Temple (1/1) D:5            Lair (6/6) D:9
  Swamp (0/4) Lair:3          Orc (0/2) D:11        Ossuary (visited)
  Snake: Lair:2-4    Spider: Lair:2-4     Slime: Lair:5-6

Altars:
Ashenzari
Cheibriados
Elyvilon
Kikubaaqudgha
Okawaru
Sif Muna
Trog
Vehumet
Xom
Zin

Shops:
D:6 !*


Innate Abilities, Weirdness & Mutations

You reflexively headbutt those who attack you in melee.
You have a pair of horns on your head.


Message History

You block the ice dragon's attack.
You hit the ice dragon but do no damage.
The ice dragon is moderately wounded.
The ice dragon bites you! You block the ice dragon's attack.
The ice dragon misses you.
You are too injured to fight recklessly!
You are too injured to fight recklessly!
You are too injured to fight recklessly!
You are too injured to fight recklessly!
You are too injured to fight recklessly!
You are too injured to fight recklessly!
Unknown command.
The white imp closely misses you.
You riposte.
You hit the white imp but do no damage. You headbutt the white imp!
You kill the white imp!
Okawaru accepts your kill.
You gain the combat prowess of a mighty hero.
The ice dragon breathes frost at you. The blast of cold hits you!!!
You die...

### ##...≈≈≈≈.#...≈≈....... #.#
##....≈≈≈≈≈≈..≈≈≈≈...... .##
##.....≈≈≈≈≈≈≈≈≈≈≈≈...... ###
#.......≈≈≈≈######≈≈.....
..#######....#..≈≈≈## ##≈.....
.........÷.......≈≈# ##≈≈.#...
...............⌠..## #≈≈≈#....
..................# ##≈≈......
................@.# #≈≈.......
...............≈D≈##≈. #≈≈.#.....
.............≈.≈≈≈≈#.. #≈≈≈......
..............≈≈≈≈≈≈#####≈≈......
..............≈≈##≈≈≈≈.≈≈≈≈≈.....
..............≈≈≈.≈≈≈≈≈≈≈≈≈≈.....
...............≈≈#≈≈≈≈8..≈≈.#....
................≈≈≈≈≈≈≈..........
.......##........≈≈≈.≈≈≈...#.....


You could see an ice dragon (catching breath).

Vanquished Creatures
  A fire dragon (D:12)
  Josephine (D:10)
  3 two-headed ogres
  5 hydras
  Erica (D:11)
  The ghost of DankestMemes the Skirmisher, a novice FoWn of Fedhas (D:7)
  A queen ant (D:10)
  Nergalle (D:10)
  12 elephants
  Maurice (D:11)
  7 black mambas
  The ghost of Wiggles the Chopper, a novice MiBe of Trog (D:7)
  Joseph (D:9)
  12 spiny frogs
  A torpor snail (Lair:6)
  6 komodo dragons
  3 kobold demonologists (D:11)
  A rime drake (Lair:2)
  2 trolls
  A polar bear (Lair:6)
  A tyrant leech (Lair:3)
  4 hornets
  A slime creature (D:12)
  8 hippogriffs
  11 blink frogs
  The ghost of chjornaq the Magician, an amateur DEFE of Vehumet (D:7)
  3 wraiths (D:10)
  A wyvern (D:12)
  12 yaks
  Eustachio (D:4)
  3 basilisks
  2 steam dragons (Lair:6)
  2 hungry ghosts
  Edmund (D:5)
  3 nagas (Lair:2)
  8 soldier ants
  Duvessa (D:5)
  8 porcupines
  13 water moccasins
  3 sky beasts
  A black bear (D:8)
  7 orc warriors
  5 ice beasts
  6 ogres
  2 eyes of draining
  3 wolves (Lair:3)
  7 centaurs
  15 crocodiles
  6 big kobolds
  An elf zombie (Ossuary)
  2 gnoll sergeants (D:11)
  11 bullfrogs
  Dowan (D:5)
  3 scorpions
  3 killer bees (D:7)
  A howler monkey (D:5)
  5 crimson imps
  2 quasits
  A bullfrog skeleton (D:5)
  2 hounds
  4 jellies
  A centaur skeleton (D:5)
  A gnoll shaman (D:6)
  3 human zombies (Ossuary)
  5 orc wizards
  6 orc priests
  5 iguanas
  Ijyb (D:4)
  21 worker ants
  Natasha (D:2)
  2 hound zombies (Ossuary)
  A hound skeleton (D:3)
  4 mummies (Ossuary)
  12 adders
  6 gnolls
  A shadow imp (D:11)
  3 white imps (Lair:6)
  2 oozes (D:2)
  3 adder zombies
  An adder skeleton (D:4)
  4 worms
  A dart slug (D:2)
  7 leopard geckos
  45 orcs
  4 giant cockroaches
  15 goblins
  4 hobgoblins
  9 jackals
  9 quokkas
  6 bats
  8 frilled lizards
  A goblin zombie (D:6)
  2 hobgoblin zombies (Ossuary)
  15 kobolds
  A kobold zombie (Ossuary)
  A leopard gecko skeleton (D:4)
  An orc zombie (Ossuary)
  A quokka zombie (D:6)
  2 rats (D:2)
452 creatures vanquished.

Vanquished Creatures (others)
  A fungus (Lair:6)
  10 plants (Lair:6)
11 creatures vanquished.

Grand Total: 463 creatures vanquished

Notes
Turn   | Place    | Note
-------+----------+-------------------------------------------
     0 | D:1      | robertstho the Minotaur Fighter began the quest for the
                  | Orb.
     0 | D:1      | Reached XP level 1. HP: 19/19 MP: 0/0
   133 | D:1      | Reached XP level 2. HP: 22/27 MP: 1/1
   869 | D:2      | Reached XP level 3. HP: 18/33 MP: 2/2
  1113 | D:2      | Reached skill level 3 in Long Blades
  1170 | D:2      | Found a snail-covered altar of Cheibriados.
  1261 | D:2      | Reached skill level 1 in Dodging
  1300 | D:2      | Found a shattered altar of Ashenzari.
  1416 | D:2      | Reached XP level 4. HP: 40/40 MP: 3/3
  1582 | D:2      | Noticed Natasha
  1585 | D:2      | Killed Natasha
  1901 | D:3      | Reached skill level 4 in Long Blades
  2113 | D:3      | Reached XP level 5. HP: 42/47 MP: 4/4
  2471 | D:3      | Reached skill level 5 in Armour
  2641 | D:4      | Noticed Eustachio
  2660 | D:4      | Killed Eustachio
  2660 | D:4      | Reached skill level 5 in Long Blades
  2660 | D:4      | Reached XP level 6. HP: 36/53 MP: 5/5
  2842 | D:4      | Noticed Ijyb
  2920 | D:4      | Paralysed by Ijyb for 6 turns
  2928 | D:4      | Killed Ijyb
  3157 | D:4      | Reached skill level 6 in Long Blades
  3157 | D:4      | Reached XP level 7. HP: 44/60 MP: 6/6
  3395 | D:5      | Entered Level 5 of the Dungeon
  3538 | D:5      | Reached skill level 5 in Fighting
  3610 | D:5      | Noticed Edmund
  3629 | D:5      | Killed Edmund
  3883 | D:5      | Reached skill level 7 in Long Blades
  3932 | D:5      | HP: 2/61 [bullfrog skeleton (4)]
  4352 | D:5      | Reached XP level 8. HP: 39/68 MP: 7/7
  4595 | D:5      | Noticed Dowan
  4596 | D:5      | Noticed Duvessa
  4608 | D:5      | Killed Duvessa
  4608 | D:5      | Reached skill level 5 in Shields
  4612 | D:5      | Killed Dowan
  5021 | D:5      | Found a staircase to the Ecumenical Temple.
  5289 | Temple   | Entered the Ecumenical Temple
  5297 | Temple   | Became a worshipper of Warmaster Okawaru
  5430 | D:6      | Found Ydifi's Assorted Antiques.
  5440 | D:6      | Reached skill level 8 in Long Blades
  5511 | D:6      | Reached skill level 1 in Invocations
  5916 | D:6      | Found a sand-covered staircase.
  5942 | Ossuary  | Entered an ossuary
  5948 | Ossuary  | Reached * piety under Okawaru
  5989 | Ossuary  | HP: 1/70 [human zombie (6)]
  6412 | Ossuary  | Reached XP level 9. HP: 48/75 MP: 9/9
  6662 | D:6      | Found Jywa's Distillery.
  6676 | D:6      | Bought a potion of berserk rage for 55 gold pieces
  6676 | D:6      | Bought a potion of cancellation for 88 gold pieces
  6676 | D:6      | Bought a potion of curing for 33 gold pieces
  6676 | D:6      | Bought 2 potions of degeneration for 22 gold pieces
  6676 | D:6      | Bought a potion of curing for 33 gold pieces
  6676 | D:6      | Bought a potion of curing for 33 gold pieces
  6779 | D:6      | Reached skill level 9 in Long Blades
  7660 | D:7      | Found a runed translucent gate.
  7661 | D:7      | Found a runed translucent gate.
  7662 | D:7      | Found a runed translucent gate.
  7665 | D:7      | Noticed Wiggles's ghost (novice MiBe)
  7665 | D:7      | Noticed chjornaq's ghost (amateur DEFE)
  7668 | D:7      | Noticed DankestMemes's ghost (novice FoWn)
  7694 | D:7      | Killed DankestMemes's ghost
  7694 | D:7      | Reached ** piety under Okawaru
  7694 | D:7      | Killed Wiggles's ghost
  7694 | D:7      | Reached skill level 10 in Long Blades
  7694 | D:7      | Reached skill level 5 in Dodging
  7832 | D:7      | Killed chjornaq's ghost
  7957 | D:7      | Reached XP level 10. HP: 82/86 MP: 11/11
  9163 | D:8      | Noticed a two-headed ogre
  9179 | D:8      | Killed a two-headed ogre
  9450 | D:8      | Reached *** piety under Okawaru
  9459 | D:8      | Paralysed by a hornet for 2 turns
  9635 | D:8      | Reached skill level 11 in Long Blades
  9637 | D:8      | Reached skill level 10 in Armour
 10549 | D:9      | Noticed an elephant
 10550 | D:9      | Found a staircase to the Lair.
 10577 | D:9      | Killed an elephant
 10855 | D:9      | Paralysed by a hornet for 3 turns
 10861 | D:9      | Reached **** piety under Okawaru
 11105 | D:9      | Noticed Joseph
 11126 | D:9      | Killed Joseph
 11126 | D:9      | Reached XP level 11. HP: 50/95 MP: 10/13
 11391 | D:9      | Found a snail-covered altar of Cheibriados.
 12059 | D:10     | Entered Level 10 of the Dungeon
 12095 | D:10     | Noticed Nergalle
 12130 | D:10     | Killed Nergalle
 12479 | D:10     | Noticed Josephine
 12491 | D:10     | Killed Josephine
 12498 | D:10     | Reached skill level 12 in Long Blades
 12963 | D:10     | Noticed a queen ant
 12988 | D:10     | Killed a queen ant
 12988 | D:10     | Reached skill level 5 in Invocations
 13383 | D:10     | Noticed a two-headed ogre
 13395 | D:10     | Killed a two-headed ogre
 13782 | D:10     | Got a slimy rapier
 13782 | D:10     | Identified the cursed +1 rapier of Might {protect, rC-
                  | Str+5} (You found it on level 10 of the Dungeon)
 14101 | D:11     | Noticed a two-headed ogre
 14110 | D:11     | Killed a two-headed ogre
 14110 | D:11     | Reached ***** piety under Okawaru
 14413 | D:11     | Reached skill level 1 in Short Blades
 14663 | D:11     | Noticed Erica
 14688 | D:11     | Killed Erica
 14688 | D:11     | Reached XP level 12. HP: 43/105 MP: 15/15
 14929 | D:11     | Found a staircase to the Orcish Mines.
 15435 | D:11     | Noticed Maurice
 15448 | D:11     | Killed Maurice
 15699 | D:12     | Noticed a fire dragon
 15716 | D:12     | Killed a fire dragon
 15716 | D:12     | Reached skill level 13 in Long Blades
 15740 | D:12     | Received a gift from Okawaru
 16029 | Lair:1   | Entered Level 1 of the Lair of Beasts
 16668 | Lair:1   | Reached skill level 10 in Fighting
 17682 | Lair:2   | Found the +8 whip "Snakebite" {curare, rPois}
 18140 | Lair:2   | You fall into a shaft and drop 2 floors!
 18292 | Lair:4   | Noticed a five-headed hydra
 18306 | Lair:4   | Killed a two-headed hydra
 18413 | Lair:4   | Reached skill level 14 in Long Blades
 18542 | Lair:4   | Reached XP level 13. HP: 114/114 MP: 17/17
 19130 | Lair:3   | Reached ****** piety under Okawaru
 19615 | Lair:3   | Found a staircase to the Swamp.
 19863 | Lair:3   | Received a gift from Okawaru
 19871 | Lair:3   | Identified a +0 pair of boots of running (Okawaru gifted it
                  | to you on level 3 of the Lair of Beasts)
 20972 | Lair:6   | Entered Level 6 of the Lair of Beasts
 21005 | Lair:6   | Reached skill level 10 in Shields
 22017 | Lair:6   | Killed from afar by an ice dragon

Illustrated notes

Levels and vault maps discovered:
D:1:      mushboom_english_gardens, layout_basic
D:2:      layout_basic, lemuel_coloured_pillars_altar,
          nicolae_ashenzari_panopticon, uniq_natasha
D:3:      layout_rooms
D:4:      layout_rooms, uniq_eustachio, uniq_ijyb
D:5:      layout_basic, temple_green, first_ration, uniq_duvessa, uniq_edmund
D:6:      layout_gridville, serial_shops, nicolae_shop_window_shopping,
          nicolae_shop_trees, enter_ossuary_4
D:7:      nicolae_whirlpool, layout_basic, gammafunk_ghost_cemetery
D:8:      layout_cave_pods, hangedman_pestilent_swarm
D:9:      layout_loops_cross, david_lair_generic, cheibrodos_worm_habitat,
          uniq_joseph
D:10:     layout_cave_pools, minmay_another_anthill, uniq_josephine,
          uniq_nergalle
D:11:     layout_roguey, kennysheep_orc_monster_closet_entryway, uniq_maurice,
          uniq_erica
D:12:     layout_basic, special_room [special_room_orc], serial_shops,
          kennysheep_mini_moat, minivault_16
Temple:   grunt_wide_crystal_templ
Lair:1:   layout_loops_ring, serial_forest, infiniplex_forest_lined_4_way,
          infiniplex_forest_corner_1, infiniplex_forest_end_2,
          infiniplex_forest_clump_diagonal, infiniplex_forest_lined_4_way,
          chequers_serial_rivers_micro_e, st_stairs_8
Lair:2:   minmay_guarded_unrand_snakebite, layout_gridlike,
          minmay_snake_entry_guardpost_small, guppyfry_lair_drakes
Lair:3:   layout_gridlike, palyth_hydra_swamp_entry, serial_bayou_pond_e,
          patterned_corridor
Lair:4:   layout_misc_corridors
Lair:5:   layout_regular_city, infiniplex_staircase_pool
Lair:6:   guppyfry_lair_end_dragon, layout_hall_layers, wormcave, slime_dummy,
          bobbens_ice_dragon_lair

Skill      XL: |  1  2  3  4  5  6  7  8  9 10 11 12 13 |
---------------+----------------------------------------+-----
Armour         | 4 5 6 8 9 10 11 12 13 | 13.9
Fighting       | 4 5 6 7 8 9 10 11 | 11.9
Long Blades    | 3 4 5 6 7 8 10 11 12 14 | 14.8
Dodging        | 1 2 3 4 5 6 7 8 9 |  9.0
Shields        | 4 6 7 8 9 10 | 10.4
Invocations    | 1 3 4 5 6 7 |  7.8
Short Blades   | 2 3 |  3.7
Evocations     | |  0.1

Action                   |  1- 3 |  4- 6 |  7- 9 | 10-12 | 13-15 || total
-------------------------+-------+-------+-------+-------+-------++-------
Melee: Long sword        |    69 |   166 |   307 |   475 |       ||  1017
       Headbutt          |     5 |    34 |    96 |   218 |    92 ||   445
       Rapier            |       |       |       |   238 |       ||   238
       Scimitar          |       |       |       |   234 |   323 ||   557
Invok: Heroism           |       |       |     3 |    13 |     2 ||    18
Evoke: Wand              |       |       |     4 |     3 |       ||     7
  Use: Potion            |       |     3 |     8 |     7 |       ||    18
       Scroll            |       |       |     7 |     9 |     1 ||    17
 Stab: Sleeping          |       |       |     1 |       |       ||     1
       Confused          |       |       |       |     2 |       ||     2
  Eat: Chunk             |     2 |     6 |     7 |    28 |     8 ||    51
       Ration            |       |       |     4 |     3 |     1 ||     8
Armor: Scale mail        |    34 |    86 |       |       |       ||   120
       Chain mail        |       |     4 |   145 |   147 |       ||   296
       Skin              |       |       |     1 |       |       ||     1
       Plate armour      |       |       |       |   124 |   112 ||   236
Dodge: Dodged            |    26 |    72 |   118 |   256 |    85 ||   557
Block: Kite shield       |    35 |   102 |   166 |   501 |   148 ||   952
       Rpst.: Long sword |     9 |    12 |    24 |    34 |       ||    79
       Scimitar          |       |       |       |    17 |    17 ||    34

Table legend:
 A = Non-vault XP
 B = Vault XP
 C = Vault XP percentage of total XP
 D = Non-vault monster count
 E = Vault monster count
 F = Vault count percentage of total count
                 A         B        C        D         E       F
            +---------+---------+-------+---------+---------+-------
      Total |   41622 |   19402 |  31.8 |     338 |     114 |  25.2
            +---------+---------+-------+---------+---------+-------
        D:1 |      20 |       0 |   0.0 |      12 |       0 |   0.0
        D:2 |     102 |      35 |  25.5 |      31 |       1 |   3.1
        D:3 |      99 |       0 |   0.0 |      26 |       0 |   0.0
        D:4 |     289 |     232 |  44.5 |      18 |       2 |  10.0
        D:5 |     690 |     391 |  36.2 |      22 |       3 |  12.0
        D:6 |    1088 |       2 |   0.2 |      24 |       2 |   7.7
        D:7 |    1467 |    1656 |  53.0 |      22 |       4 |  15.4
        D:8 |    1431 |     860 |  37.5 |      10 |       4 |  28.6
        D:9 |    1944 |    1429 |  42.4 |      32 |       6 |  15.8
       D:10 |    1590 |    4671 |  74.6 |       7 |      25 |  78.1
       D:11 |    3101 |    2871 |  48.1 |      23 |      22 |  48.9
       D:12 |    1968 |       0 |   0.0 |      10 |       0 |   0.0
     Lair:1 |    3731 |       0 |   0.0 |      18 |       0 |   0.0
     Lair:2 |    1737 |    3914 |  69.3 |       7 |      19 |  73.1
     Lair:3 |    3964 |    2590 |  39.5 |      18 |       4 |  18.2
     Lair:4 |    2410 |       0 |   0.0 |       8 |       0 |   0.0
     Lair:5 |    2293 |       0 |   0.0 |      11 |       0 |   0.0
     Lair:6 |   13698 |     401 |   2.8 |      39 |       6 |  13.3
    Ossuary |       0 |     350 | 100.0 |       0 |      16 | 100.0
            +---------+---------+-------+---------+---------+-------
